 Dungeon Crawl Stone Soup version 0.28.0-47-ge53b351184 (webtiles) character file.

Game seed: 11333199628856942546

568 Peloso the Slasher (level 7, -3/61 HPs)
             Began as a Minotaur Fighter on May 7, 2022.
             Was an Initiate of Okawaru.
             Slain by an orc
             ... wielding a +0 trident
              (8 damage)
             ... on level 5 of the Dungeon.
             The game lasted 00:04:41 (3322 turns).

Peloso the Slasher (Minotaur Fighter)               Turns: 3322, Time: 00:04:41

Health: -3/61      AC:  7    Str: 21    XL:     7   Next: 11%
Magic:  6/6        EV:  9    Int:  5    God:    Okawaru [......]
Gold:   117        SH:  5    Dex: 11    Spells: 6/6 levels left

rFire   . . .      SeeInvis .   a - +0 long sword
rCold   . . .      Faith    .   c - +0 buckler
rNeg    + + .      Spirit   .   b - +0 scale mail
rPois   .          Reflect  .   (helmet restricted)
rElec   .          Harm     .   (no cloak)
rCorr   .          Rampage  .   (no gloves)
Will    .....                   (no boots)
Stlth   ..........              (no amulet)
HPRegen 0.20/turn               f - ring of flight
MPRegen 0.10/turn               n - ring of Ekatoox {Fly rN++ Slay+3}

@: flying
A: horns 2, retaliatory headbutt
a: Renounce Religion


You were on level 5 of the Dungeon.
You worshipped Okawaru.
Okawaru was noncommittal.
You visited 2 branches of the dungeon, and saw 6 of its levels.

You collected 117 gold pieces.

Inventory:

Hand Weapons
 a - a +0 long sword (weapon)
Missiles
 u - a throwing net (quivered)
Armour
 b - a +0 scale mail (worn)
 c - a +0 buckler (worn)
Jewellery
 f - a ring of flight (left hand)
 l - an amulet of the acrobat
 n - the ring of Ekatoox (right hand) {Fly rN++ Slay+3}
   (You found it on level 2 of the Dungeon)

   [ring of flight]

   Slay:      It affects your accuracy & damage with ranged weapons and melee
   (+3).
   rN:        It greatly protects you from negative energy.
   Fly:       It grants you flight.
Wands
 x - a wand of mindburst (10)
Scrolls
 e - 2 scrolls of noise {unknown}
 h - 4 scrolls of identify {unknown}
 i - a scroll of blinking {unknown}
 j - 2 scrolls of immolation {unknown}
 k - a scroll of torment {unknown}
 m - a scroll of teleportation {unknown}
 p - a scroll of holy word {unknown}
 r - a scroll of enchant armour {unknown}
 t - a scroll of magic mapping {unknown}
Potions
 d - a potion of might
 g - 3 potions of mutation {unknown}
 o - 3 potions of haste {unknown}
 q - a potion of berserk rage {unknown}
 s - 2 potions of lignification {unknown}
 v - a potion of magic {unknown}
 w - a potion of attraction {unknown}
 z - a potion of heal wounds {unknown}


   Skills:
 + Level 5.0 Fighting
 + Level 6.6 Long Blades
 + Level 5.4 Armour
 + Level 1.4 Dodging
 + Level 0.2 Stealth
 + Level 4.8 Shields


You had 6 spell levels left.
You didn't know any spells.
Your spell library contained the following spells:

 Spells                   Type           Power      Damage    Failure   Level
 Slow                     Hex            0%         N/A       87%         1
 Scorch                   Fire           0%         2d5       95%         2
 Confusing Touch          Hex            0%         N/A       99%         3
 Vampiric Draining        Necr           0%         2d6       99%         3
 Flame Wave               Conj/Fire      0%         2d4       100%        4
 Summon Cactus Giant      Summ           Unusable   N/A       N/A         6

Dungeon Overview and Level Annotations

Branches:
Dungeon (5/15)             Temple (1/1) D:4

Altars:
Ashenzari
Cheibriados
Elyvilon
Fedhas
Gozag
Makhleb
Nemelex Xobeh
Okawaru
Ru
Trog
Vehumet
Wu Jian
Xom
Yredelemnul
The Shining One


Innate Abilities, Weirdness & Mutations

You have a pair of horns on your head.
You reflexively headbutt those who attack you in melee.


Message History

The orc priest closely misses you.
The hound moves out of view.
Items here: )) [[ †.
You slash the orc priest! You headbutt the orc priest.
You kill the orc priest!
Okawaru accepts your kill.
You slash the orc!
You kill the orc!
Okawaru accepts your kill. You block the orc's attack.
The orc hits you from afar with a +0 trident.
You closely miss the orc priest. Your headbutt misses the orc priest.
The orc priest is heavily wounded.
The orc priest calls down the wrath of Beogh upon you.
You barely resist.
The orc hits you from afar with a +0 trident.
The orc priest misses you.
You slash the orc priest!
You kill the orc priest!
Okawaru accepts your kill. You block the orc's attack. The jelly hits you.
You are splashed with acid.
* * * LOW HITPOINT WARNING * * *
You have reached level 7!
You slash the jelly!
Your hands burn!
* * * LOW HITPOINT WARNING * * *
The jelly is heavily wounded.
An orc comes into view. It is wielding a +0 hand axe.
You block the orc's attack. The jelly hits you but does no damage.
Unknown command.
You slash the jelly!
You kill the jelly!
Okawaru accepts your kill. The orc barely misses you.
You closely miss the hound. Your headbutt misses the hound.
The hound bites you.
* * * LOW HITPOINT WARNING * * *
The orc hits you but does no damage. The hound bites you but does no damage.
You barely miss the hound. The hound bites you.
* * * LOW HITPOINT WARNING * * *
The orc hits you from afar with a +0 trident!
You die...

.o....# .o.<....
..o.#... ........
#..... #...#
#.######o..##.##
#.....@hoo......
#.#.######o#.##..
#.......<#.#
###.#.####.#
#####.#.####.# #
............J#.##.
#####.##...........
###+##...........
#................


You could see a hound and 4 orcs.

Vanquished Creatures
  A necrophage (D:4)
  A scorpion (D:4)
  2 hounds
  A jelly (D:5)
  2 orc priests (D:5)
  Jessica (D:3)
  3 orc wizards
  A killer bee zombie (D:3)
  2 hound zombies (D:3)
  A gnoll (D:1)
  2 adders (D:4)
  A white imp (D:4)
  An adder zombie (D:3)
  4 worms
  2 dart slugs
  11 orcs
  14 endoplasms
  3 giant cockroaches
  6 goblins
  4 hobgoblins
  4 jackals (D:1)
  6 kobolds
  7 quokkas
  7 ball pythons
  4 bats
  3 frilled lizards (D:1)
  2 rats (D:1)
96 creatures vanquished.

Vanquished Creatures (others)
  A plant (D:1)
1 creature vanquished.

Grand Total: 97 creatures vanquished

Notes
Turn   | Place    | Note
-------+----------+-------------------------------------------
     0 | D:1      | Peloso the Minotaur Fighter began the quest for the Orb.
     0 | D:1      | Reached XP level 1. HP: 19/19 MP: 0/0
   178 | D:1      | Reached XP level 2. HP: 27/27 MP: 1/1
   279 | D:1      | Reached skill level 3 in Long Blades
   281 | D:1      | Reached XP level 3. HP: 29/33 MP: 2/2
  1026 | D:2      | Found a burning altar of Makhleb.
  1046 | D:2      | Reached XP level 4. HP: 32/40 MP: 3/3
  1342 | D:2      | Identified the ring of Ekatoox {Fly rN++ Slay+3}
  1431 | D:3      | Found a basalt altar of Yredelemnul.
  1455 | D:3      | Reached skill level 4 in Long Blades
  1770 | D:3      | Noticed Jessica
  1777 | D:3      | Killed Jessica
  1778 | D:3      | Reached XP level 5. HP: 44/47 MP: 4/4
  1862 | D:3      | Reached skill level 5 in Long Blades
  2103 | D:3      | Found a faded altar of an unknown god.
  2443 | D:4      | Noticed a necrophage
  2453 | D:4      | Killed a necrophage
  2454 | D:4      | Reached XP level 6. HP: 48/53 MP: 5/5
  2456 | D:4      | Reached skill level 5 in Armour
  2456 | D:4      | Reached skill level 1 in Dodging
  2621 | D:4      | Found a staircase to the Ecumenical Temple.
  2633 | Temple   | Entered the Ecumenical Temple
  2695 | Temple   | Became a worshipper of Warmaster Okawaru
  2822 | D:4      | Reached skill level 6 in Long Blades
  2887 | D:4      | Reached skill level 5 in Fighting
  2917 | D:4      | Found an ornate altar of the Wu Jian Council.
  3253 | D:5      | Entered Level 5 of the Dungeon
  3319 | D:5      | Reached XP level 7. HP: 17/61 MP: 6/6
  3322 | D:5      | Slain by an orc

Illustrated notes

Levels and vault maps discovered:
D:1:      eino_arrival_cavern_b, layout_rooms, nicolae_grassy_gnolls
D:2:      layout_rooms, basic_altar, minmay_misc_feat_chi
D:3:      layout_basic, nicolae_yredelemnul_corpse_copse,
          dreamdust_ecumenical_altar_angels_and_demons, uniq_jessica
D:4:      layout_basic, mainiacjoe_overflow_cross_hatched,
          minmay_temple_entry_trees, hex_medium
D:5:      layout_basic, uniq_crazy_yiuf_cottage
Temple:   eino_temple_scatter_basement

Skill      XL: |  1  2  3  4  5  6 |
---------------+-------------------+-----
Armour         | 4 5 |  5.4
Long Blades    | 3 4 5 6 |  6.6
Shields        | 4 |  4.8
Fighting       | 4 5 |  5.0
Dodging        | 1 |  1.4
Stealth        | |  0.2

Action                   |  1- 3 |  4- 6 |  7- 9 || total
-------------------------+-------+-------+-------++-------
Melee: Long sword        |    82 |   113 |     4 ||   199
       Headbutt          |    12 |    18 |       ||    30
Armor: Scale mail        |    40 |    53 |     3 ||    96
Dodge: Dodged            |    45 |    51 |     1 ||    97
Block: Buckler           |    28 |    37 |     1 ||    66
